 Dungeon Crawl Stone Soup version 0.30.0-15-g856e2d3f33 (webtiles) character file.

Game seed: 1914515440611545146

508 Daunt the Cutter (level 7, -3/56 HPs)
             Began as a Meteoran Summoner on May 19, 2023.
             Slain by Pikel
             ... wielding a +0 whip of freezing
              (4 damage)
             ... on level 5 of the Dungeon.
             The game lasted 00:21:19 (2106 turns).

Daunt the Cutter (Meteoran Summoner)                Turns: 2106, Time: 00:21:19

Health: -3/56      AC:  5    Str: 11    XL:     7   Next: 70%
Magic:  12/12      EV: 16    Int: 18    God:
Gold:   491        SH:  0    Dex: 16    Spells: 11/11 levels left

rFire   . . .        a - +7 rapier of the Hurtling Gods {elec, rElec rN+ Str+2}
rCold   . . .        (no shield)
rNeg    + . .        h - +0 ring mail
rPois   .            (no helmet)
rElec   +            (no cloak)
rCorr   .            (no gloves)
SInv    .            (no boots)
Will    +....        (no amulet) Stlth
                     p - ring of willpower
HPRegen 0.29/turn    r - +5 ring of evasion
MPRegen 0.13/turn

%: no passive effects
@: silenced, glowing
A: sense surroundings 1, otherworldly, glowing, explore regen
a: no special abilities


You were on level 5 of the Dungeon.
You visited 1 branch of the dungeon, and saw 5 of its levels.
You also visited: Ossuary.

You collected 491 gold pieces.

Inventory:

Hand Weapons
 a - the +7 rapier of the Hurtling Gods (weapon) {elec, rElec rN+ Str+2}
   (You found it on level 4 of the Dungeon)

   Str:       It affects your strength (+2).
   rElec:     It insulates you from electricity.
   rN:        It protects you from negative energy.
 b - a +0 sling
 c - a +0 whip
 s - a +0 dagger
Missiles
 g - 35 stones
 i - 13 poisoned darts
 B - 3 boomerangs
Armour
 e - a +0 robe
 h - a +0 ring mail (worn)
Magical Staves
 o - a staff of death
Jewellery
 p - a ring of willpower (left hand)
 r - a +5 ring of evasion (right hand)
Scrolls
 f - 2 scrolls of noise {unknown}
 k - 4 scrolls of amnesia
 l - a scroll of blinking {unknown}
 m - 2 scrolls of magic mapping
 v - a scroll of identify {unknown}
 y - 2 scrolls of teleportation {unknown}
 C - 2 scrolls of silence
Potions
 d - 2 potions of magic
 j - 2 potions of curing {unknown}
 n - a potion of brilliance {unknown}
 q - a potion of mutation {unknown}
 t - 4 potions of flight {unknown}
 u - a potion of degeneration {unknown}
 w - 2 potions of heal wounds {unknown}
 x - a potion of attraction {unknown}
 z - a potion of haste {unknown}
 A - a potion of berserk rage {unknown}


   Skills:
 - Level 2.6 Fighting
 + Level 5.6 Short Blades
 - Level 4.4 Ranged Weapons
 - Level 2.4 Dodging
 - Level 1.4 Stealth
 - Level 2.6 Spellcasting
 - Level 4.8 Summonings


You had 11 spell levels left.
You didn't know any spells.
Your spell library contained the following spells:

 Spells                   Type           Power      Damage    Failure   Level
 Summon Small Mammal      Summ           76%        N/A       5%          1
 Call Imp                 Summ           38%        N/A       9%          2
 Call Canine Familiar     Summ           19%        N/A       17%         3
 Summon Guardian Golem    Hex/Summ       11%        N/A       41%         3
 Summon Lightning Spire   Summ/Air       11%        N/A       83%         4


Dungeon Overview and Level Annotations

Branches:
Dungeon (5/15) Zot: 1035  Ossuary (visited)
 Temple: D:4-7

Altars:
Gozag
Wu Jian
Yredelemnul
The Shining One

Annotations:
D:5 Pikel


Innate Abilities, Weirdness & Mutations

You passively map a small area around you.
You are easily found by Zot.
You glow in the dark.
You regain HP and MP as you explore.


Message History

Pikel freezes you.
* * * LOW HITPOINT WARNING * * *
The lemure hits you.
* * * LOW HITPOINT WARNING * * *
Unknown command.
You hit Pikel.
Pikel is moderately wounded.
Pikel hits you with a +0 whip of freezing.
* * * LOW HITPOINT WARNING * * *
Pikel freezes you.
* * * LOW HITPOINT WARNING * * *
The lemure hits you but does no damage.
Unknown command.
You puncture Pikel!
Pikel is heavily wounded.
Unknown command.
You hit Pikel.
Pikel is severely wounded.
Pikel closely misses you. The lemure hits you.
* * * LOW HITPOINT WARNING * * *
Unknown command.
Unknown command.
You puncture Pikel!
Pikel is almost dead.
Pikel hits you with a +0 whip of freezing.
* * * LOW HITPOINT WARNING * * *
Pikel freezes you.
* * * LOW HITPOINT WARNING * * *
The lemure closely misses you.
Unknown command.
You hit Pikel.
Pikel is almost dead.
Pikel completely misses you. The lemure hits you.
* * * LOW HITPOINT WARNING * * *
Unknown command.
Unknown command.
You barely miss Pikel.
Pikel is almost dead.
Pikel hits you with a +0 whip of freezing.
You die...

.8# * ,,, ..# ,, **
* *.8# # ,, * ,
,..#:# ,,,, ,
#####....# ,, ,, ,
.....5...# *** * **
*
....<....###+######
**
##.###...##.....K.#
# ..##..5.5@.# * ,,
..........# ,,
.........# ,
.........#
##########


You could see Pikel and 2 lemures.

Vanquished Creatures
  Sigmund (D:3)
  2 lemures (D:4)
  2 hounds (D:4)
  A sleepcap (D:4)
  8 mummies (Ossuary)
  2 adders
  3 gnolls (D:4)
  3 adder zombies (D:3)
  4 worms
  11 orcs
  3 ball pythons
  4 endoplasms
  3 giant cockroaches
  6 goblins
  6 hobgoblins
  7 jackals
  9 kobolds
  3 quokkas
  A ball python zombie (D:3)
  3 bats
  A frilled lizard (D:1)
  A gnoll zombie (Ossuary)
  5 hobgoblin zombies (Ossuary)
  A jackal zombie (D:4)
  3 orc zombies
  8 rats
101 creatures vanquished.

Vanquished Creatures (collateral kills)
  A ball python (D:2)
  A goblin (D:1)
  A quokka (D:2)
  A kobold (D:2)
4 creatures vanquished.

Grand Total: 105 creatures vanquished

Notes
Turn   | Place    | Note
-------+----------+-------------------------------------------
     0 | D:1      | Daunt the Meteoran Summoner began the quest for the Orb.
     0 | D:1      | Reached XP level 1. HP: 14/14 MP: 5/5
    54 | D:1      | Reached skill level 1 in Fighting
    58 | D:1      | Reached XP level 2. HP: 23/23 MP: 3/6
   225 | D:2      | Reached XP level 3. HP: 22/30 MP: 8/8
   254 | D:2      | Reached skill level 1 in Ranged Weapons
   555 | D:1      | Found a faded altar of an unknown god.
   748 | D:1      | Reached XP level 4. HP: 33/37 MP: 9/9
  1055 | D:4      | Reached XP level 5. HP: 30/42 MP: 10/10
  1098 | D:4      | Found an opulent altar of Gozag.
  1181 | D:4      | Found an ornate altar of the Wu Jian Council.
  1328 | D:4      | Identified the +7 rapier of the Hurtling Gods {elec, rElec
                  | rN+ Str+2}
  1494 | D:4      | Found a sand-covered staircase.
  1546 | Ossuary  | Entered an ossuary
  1568 | Ossuary  | Reached skill level 1 in Short Blades
  1568 | Ossuary  | Reached XP level 6. HP: 45/50 MP: 11/11
  1598 | Ossuary  | Reached skill level 2 in Short Blades
  1641 | Ossuary  | Reached skill level 3 in Short Blades
  1821 | D:4      | Reached XP level 7. HP: 31/56 MP: 12/12
  1836 | D:3      | Noticed Sigmund
  1844 | D:3      | Killed Sigmund
  1845 | D:3      | Reached skill level 5 in Short Blades
  1870 | D:3      | Found a glowing golden altar of the Shining One.
  1957 | D:3      | Found a basalt altar of Yredelemnul.
  2058 | D:5      | Entered Level 5 of the Dungeon
  2097 | D:5      | Noticed Pikel
  2104 | D:5      | HP: 2/56 [Pikel/+0 whip of freezing (1)]
  2106 | D:5      | Slain by Pikel

Illustrated notes

Levels and vault maps discovered:
D:1:      minmay_arrival_glassed_features, layout_loops_corners,
          shapermc_ecumenical_altar_gd
D:2:      layout_loops_ring, kennysheep_generic_room_12
D:3:      layout_rooms, chei_slow_surprise, nicolae_yredelemnul_corpse_copse,
          nicolae_tso_carved_into_rock, kennysheep_orc_chapel, uniq_sigmund
D:4:      layout_basic, pdpol_wu_jian_five_deadly_venoms,
          nicolae_overflow_crystal_walls, enter_ossuary_3, st_stairs_8,
          serial_park_tiny_2
D:5:      dreamdust_elfheim, layout_gridville, marbit_many_paths,
          chequers_avenue, uniq_prince_ribbit1, uniq_pikel

Skill      XL: |  1  2  3  4  5  6  7 |
---------------+----------------------+-----
Fighting       | 1 2 |  2.6
Ranged Weapons | 2 3 4 |  4.4
Short Blades   | 1 3 5 |  5.6
Dodging        | |  2.4
Stealth        | |  1.4
Spellcasting   | |  2.6
Summonings     | |  4.8

Action                     |  1- 3 |  4- 6 |  7- 9 || total
---------------------------+-------+-------+-------++-------
  Melee: Whip              |     6 |       |       ||     6
         Dagger            |    94 |       |       ||    94
         Rapier            |       |    39 |    46 ||    85
   Fire: Sling             |    55 |   214 |    21 ||   290
   Cast: Summon Small Mamm |    13 |     1 |       ||    14
    Use: Scroll            |       |       |     3 ||     3
   Stab: Distracted        |     1 |       |       ||     1
 Armour: Robe              |     7 |       |       ||     7
         Ring mail         |    56 |    42 |     9 ||   107
  Dodge: Dodged            |    41 |   101 |    36 ||   178
